AoeStats
← MuniStar

Arena

510192896Analyzed
1v1 RM · 1d ago on Sep 29, 2026· 17m 24s· 2 players
Game mode
Random Map
Map size
Tiny (2 player)
Population
200
Speed
Normal
Resources
Standard
Victory
Conquest
Starting age
Dark Age
Ending age
Imperial Age
RankedLock teamsTeams togetherTeam positionsShared explorationLock speedFull tech treeHidden civsTurbo modeCheats
Victory
Defeat
🇳🇱 Burgundians · Netherlands
878
+23
🇦🇷 Lithuanians · Argentina
867
-15
MuniStar
10:36 Feudal Age
14:48 Castle Age
13:46 Horse Collar
13:53 Double-Bit Axe
14:30 Loom
Bambz
10:00 Loom
11:04 Horse Collar
11:12 Double-Bit Axe
13:09 Feudal Age
17:12 Arson
Connection lost

Rejoining the realm…

Still unreachable

The connection could not be restored.

Session expired

The server has moved on; the page needs a fresh start.